 Dungeon Crawl Stone Soup version 0.29.1-12-g30fa7ad0bf (webtiles) character file.

Game seed: 18131857959225000070

525 xzight the Magician (level 7, -4/49 HPs)
             Began as a Djinni Transmuter on Dec 25, 2022.
             Slain by a black bear (6 damage)
             ... on level 4 of the Dungeon.
             The game lasted 00:25:28 (7949 turns).

xzight the Magician (Djinni Transmuter)             Turns: 7949, Time: 00:25:28

Health: -4/49      AC:  2    Str:  9    XL:     7   Next: 47%
Gold:   170        EV: 22    Int: 16    God:
                   SH:  0    Dex: 25

rFire   . . .      SeeInvis .     - Unarmed
rCold   . . .      Faith    .   (shield currently unavailable)
rNeg    . . .      Spirit   .   (body armour currently unavailable)
rPois   ∞          Reflect  .   (helmet currently unavailable)
rElec   .          Harm     .   (cloak currently unavailable)
rCorr   .          Rampage  .   (gloves currently unavailable)
Will    .....                   (boots unavailable)
Stlth   ++........              (no amulet)
HPRegen 0.16/turn               D - +6 ring of dexterity
MPRegen 0.00/turn               (no ring)

@: spider-form, flying
A: venomous fangs, flying, sickness immunity, tiny, (fire resistance 2), (cold
vulnerability 1), float, innate caster, HP casting, extra vitality 1
a: End Transformation


You were on level 4 of the Dungeon.
You were a venomous arachnid creature.
You visited 1 branch of the dungeon, and saw 4 of its levels.

You collected 170 gold pieces.


Innate Abilities, Weirdness & Mutations

You are a venomous arachnid creature.
You have poisonous fangs.
You are tiny and dextrous.
You are flying.
Your spellcasting is less reliable in this form.
Your armour is entirely melded.
You are incapable of wielding weapons or throwing items.
You are immune to sickness and miasma.
You are immune to poison.
((Your flesh is very heat resistant. (rF++)))
((You are vulnerable to cold. (rC-)))
You float through the air rather than walking.
You learn spells naturally, not from books.
Your magical power is your life essence.
You have superior vitality. (+4 MHP)


   Skills:
 + Level 2.3 Fighting
 + Level 3.2 Dodging
 + Level 3.7 Unarmed Combat
 + Level 5.0 Spellcasting


You couldn't memorise any spells.
You knew the following spells:

 Your Spells              Type           Power      Damage    Failure   Level
a - Static Discharge      Conj/Air       20%        3-6/arc   11%         2
b - Beastly Appendage     Tmut           40%        N/A       8%          1
c - Wereblood             Tmut           20%        N/A       11%         2
d - Spider Form           Tmut/Pois      20%        N/A       17%         3
e - Ice Form              Ice/Tmut       20%        N/A       38%         4
f - Freeze                Ice            80%        1d9       8%          1
g - Dazzling Flash        Conj/Hex       40%        N/A       17%         3
Your spell library was empty.

Inventory:

Missiles
 k - 29 stones
Armour
 a - a +0 robe (melded)
 r - a +0 leather armour
Magical Staves
 b - a staff of earth {!a}
Jewellery
 D - a +6 ring of dexterity (left front leg)
Scrolls
 c - a scroll of fear {unknown}
 i - 2 scrolls of amnesia
 j - 2 scrolls of noise {unknown}
 l - 2 scrolls of vulnerability {unknown}
 n - 2 scrolls of brand weapon {unknown}
 o - a scroll of blinking {unknown}
 s - a scroll of immolation {unknown}
 t - a scroll of teleportation {unknown}
 v - a scroll of identify {@r1}
Potions
 d - a potion of cancellation
 e - 2 potions of attraction
 f - a potion of resistance
 g - a potion of curing {@q1}
 m - a potion of magic {unknown}
 p - a potion of brilliance
 q - a potion of degeneration
 u - a potion of haste {@q3}
 w - a potion of invisibility {unknown}

Dungeon Overview and Level Annotations

Branches:
Dungeon (4/15)
 Temple: D:4-7

Altars:
Qazlal

......##........##............)..
##....##.........##.[............
..........#...........J..........
..........#........##....##......
...........[).......#.......###..
.........##.....##.....#.#...#...
........####.....###..##.........
........##.....h####...#..#......
...#...........os##......##......
...#.....>.......................
..##......###.........>.###......
..##................#....#.....##
.###.....##........##............
...#..............####.Jh.#....#.
........^......................
..#........#.....#....[<.#.....
..##...##........#....).)# .....#


You could see a black bear (berserk, extremely poisoned) and an orc.


Message History

The black bear goes berserk!
The orc closely misses you.
You hit the black bear but do no damage.
The black bear looks as sick as possible!
The black bear is severely wounded.
The black bear bites you! The black bear claws you. The black bear misses you.
The orc hits you with a +0 hand axe.
* * * LOW HITPOINT WARNING * * *
As you read the scroll labelled DYAM XUITHRELU, it crumbles to dust.
It is a scroll of amnesia.
You feel forgetful for a moment. The black bear completely misses you.
The black bear barely misses you. The black bear claws you.
* * * LOW HITPOINT WARNING * * *
The orc hits you with a +0 hand axe!
* * * LOW HITPOINT WARNING * * *
The black bear closely misses you. The black bear claws you.
* * * LOW HITPOINT WARNING * * *
The black bear closely misses you.
You feel much better. The black bear completely misses you.
The black bear barely misses you. The black bear claws you!
The orc hits you with a +0 hand axe. The black bear bites you!
* * * LOW HITPOINT WARNING * * *
The black bear barely misses you. The black bear closely misses you.
The orc attacks as you move away! The orc hits you with a +0 hand axe.
* * * LOW HITPOINT WARNING * * *
The black bear attacks as you move away!
The black bear misses you. The black bear barely misses you.
The black bear closely misses you. The black bear bites you!
* * * LOW HITPOINT WARNING * * *
The black bear claws you.
You die...

Skill      XL: |  1  2  3  4  5  6  7 |
---------------+----------------------+-----
Spellcasting   | 2 3 4 5 |  5.0
Dodging        | 3 |  3.2
Fighting       | 2 |  2.3
Unarmed Combat | |  3.7

Action                   |  1- 3 |  4- 6 |  7- 9 || total
-------------------------+-------+-------+-------++-------
Melee: Unarmed           |   137 |   101 |    32 ||   270
       Headbutt          |    18 |    14 |       ||    32
       Punch             |     4 |     3 |       ||     7
 Cast: Beastly Appendage |    28 |    16 |     1 ||    45
       Freeze            |     6 |    19 |       ||    25
       Wereblood         |     1 |       |       ||     1
       Spider Form       |       |     3 |     4 ||     7
       Static Discharge  |       |    13 |     2 ||    15
  Use: Potion            |     1 |     3 |     1 ||     5
       Scroll            |       |     5 |     1 ||     6
 Stab: Sleeping          |     1 |       |       ||     1
Armor: Skin              |    12 |     3 |     2 ||    17
       Robe              |    14 |    13 |       ||    27
Dodge: Dodged            |    96 |   118 |    46 ||   260

Levels and vault maps discovered:
D:1:      onia_arrival_mini_maze_b, layout_loops_ring, basic_ecumenical_altar,
          hangedman_abyss_or_decor_lesser_grid, dk_noncrumbling_4
D:2:      layout_rooms, basic_altar
D:3:      layout_basic, minmay_misc_feat_x
D:4:      layout_cave_pools, chequers_temple_overflow_minitemple,
          nicolae_qazlal_eye_of_the_storm

Notes
Turn   | Place    | Note
-------+----------+-------------------------------------------
     0 | D:1      | xzight the Djinni Transmuter began the quest for the Orb.
     0 | D:1      | xzight set off with the following spells memorised: Beastly
                  | Appendage, Wereblood, Spider Form, Ice Form.
     0 | D:1      | Reached XP level 1. HP: 17/17 MP: 0/0
   409 | D:1      | Reached XP level 2. HP: 21/22 MP: 0/0
   762 | D:1      | Found a faded altar of an unknown god.
  1137 | D:1      | Reached XP level 3. HP: 26/27 MP: 0/0
  1137 | D:1      | Learned a level 1 spell: Freeze
  2497 | D:1      | Found a faded altar of an unknown god.
  3046 | D:2      | Reached skill level 2 in Spellcasting
  3902 | D:2      | Reached XP level 4. HP: 22/33 MP: 0/0
  4043 | D:2      | Reached skill level 3 in Dodging
  4048 | D:2      | HP: 3/33 [orc/+0 flail (7)]
  4049 | D:2      | Identified 2 potions of resistance
  4057 | D:2      | Reached skill level 2 in Fighting
  4859 | D:2      | Reached XP level 5. HP: 36/38 MP: 0/0
  4859 | D:2      | Learned a level 2 spell: Static Discharge
  6009 | D:3      | Reached skill level 3 in Spellcasting
  6809 | D:4      | Noticed an ogre
  6816 | D:3      | Reached XP level 6. HP: 23/43 MP: 0/0
  7129 | D:4      | Killed an ogre
  7130 | D:4      | Reached skill level 4 in Spellcasting
  7225 | D:4      | Reached XP level 7. HP: 47/49 MP: 0/0
  7225 | D:4      | Learned a level 3 spell: Dazzling Flash
  7333 | D:4      | Found a stormy altar of Qazlal.
  7764 | D:4      | Reached skill level 5 in Spellcasting
  7949 | D:4      | HP: 2/49 [black bear (11)]
  7949 | D:4      | Slain by a black bear

Vanquished Creatures
  An ogre (D:4)
  2 scorpions (D:4)
  A howler monkey (D:4)
  A hound (D:4)
  An orc priest (D:3)
  2 orc wizards
  3 gnolls
  2 adders
  2 ufetubi
  A worm (D:1)
  3 dart slugs
  21 orcs
  4 ball pythons
  6 endoplasms
  A giant cockroach (D:3)
  4 goblins
  11 hobgoblins
  6 jackals
  3 bats
  A frilled lizard (D:1)
  6 kobolds
  6 rats
88 creatures vanquished.

Table legend: (Time is in decaauts)
 A = Elapsed time spent in this place.
 B = Non-inter-level travel time spent in this place.
 C = Inter-level travel time spent in this place.
 D = Time resting spent in this place.
 E = Time spent auto-exploring this place.
 F = Levels seen in this place.
 G = Mean time per level.
                   A        B        C        D        E       F      G
               +--------+--------+--------+--------+--------+-----+--------+
         Total |   7946 |   7617 |    329 |   3003 |   3386 |   4 | 1986.5 |
       Dungeon |   7946 |   7617 |    329 |   3003 |   3386 |   4 | 1986.5 |
               +--------+--------+--------+--------+--------+-----+--------+

Top non-repeatable levels by time:
     D:1: 4026 daAuts
     D:3: 2121 daAuts
     D:2: 938 daAuts
     D:4: 861 daAuts

Table legend:
 A = Non-vault XP
 B = Vault XP
 C = Vault XP percentage of total XP
 D = Non-vault monster count
 E = Vault monster count
 F = Vault count percentage of total count
                 A         B        C        D         E       F
            +---------+---------+-------+---------+---------+-------
      Total |     751 |       0 |   0.0 |      88 |       0 |   0.0
            +---------+---------+-------+---------+---------+-------
        D:1 |      62 |       0 |   0.0 |      26 |       0 |   0.0
        D:2 |      83 |       0 |   0.0 |      23 |       0 |   0.0
        D:3 |     146 |       0 |   0.0 |      22 |       0 |   0.0
        D:4 |     460 |       0 |   0.0 |      17 |       0 |   0.0
            +---------+---------+-------+---------+---------+-------
